cohdb
Replays
Latest Replays
All Replays
Popular Replays
Top Player Replays
Match Explorer
How It Works
Community
CoH3 Stats
Reddit
Sign in to upload your games and track your stats! →
Sign in with Steam
Match 44852212
Unlisted
Match 44852212
Overview
Messages
Build Orders
End
Construct Barracks
Riflemen Squad
Selects Heavy Weapons
Riflemen Squad
Riflemen Squad
Construct Weapon Support Center
M1919 Machine Gun Team
Infantry Support Center
M3 Armored Personnel Carrier
M3 Armored Personnel Carrier
M1918 Browning Automatic Rifles
Selects M2HB .50cal Heavy Machine Gun
Selects Assault Carriers
Engineer Squad
Selects Exchangeable Parts
Grenade Package
Riflemen Squad
Bazooka Squad
Bazooka Squad
Construct Tank Depot
Improved M9 Bazooka Rockets
Bazooka Squad
M18 Hellcat Tank Destroyer
Engineer Squad
Selects M26 Pershing Heavy Tank
M26 Pershing Heavy Tank
Selects Gallant Stand
Demolitions Package
Selects Black Dragon Artillery Barrage
Engineer Squad
Black Dragon Artillery Barrage
Black Dragon Artillery Barrage
Engineer Squad
Engineer Squad
Construct Motor Pool
M1 Anti-tank Gun Team
Guru
Karl Müller
Blacksmith
Madlad
0
0
Comments
sign in to comment!
No comments posted yet!